 Dungeon Crawl Stone Soup version 0.28-a0-983-g1de4e0787c (webtiles) character file.

Game seed: 8065530857463335444

137180 blank1 the Warrior (level 17, -2/149 HPs)
             Began as a Formicid Fighter on Dec 2, 2021.
             Was the Champion of Okawaru.
             Slain by a jumping spider (5 damage)
             ... on level 1 of the Spider Nest on Dec 3, 2021.
             The game lasted 01:46:13 (41333 turns).

blank1 the Warrior (Formicid Fighter)              Turns: 41333, Time: 01:46:14

Health: -2/149     AC: 24    Str: 28    XL:     17   Next: 82%
Magic:  0/22       EV: 12    Int: 10    God:    Okawaru [******]
Gold:   2504       SH: 12    Dex: 16    Spells: 16/16 levels left

rFire   + + +      SeeInvis +   P - +5 triple sword of Moral Flaws {venom, rPois rF+ Int+2}
rCold   + . .      Faith    .   C - +0 kite shield {reflect}
rNeg    + + +      Spirit   +   T - +2 plate armour {rF+}
rPois   +          Reflect  +   (helmet unavailable)
rElec   .          Harm     .   k - scarf {repulsion}
rCorr   +          Rampage  .   A - +1 pair of gloves
Will    +....      NoCast   +   L - +2 pair of boots of the Present {-Cast Fly rC+ rN+++}
Stlth   ..........              l - amulet of guardian spirit
HPRegen 0.34/turn               i - ring of Adarch {rF+ rCorr Int-2 Dex+2}
MPRegen 0.18/turn               N - ring "Geisolie" {Drain rF+ Str+5}

@: flying, repel missiles
A: permanent stasis, dig shafts and tunnels, antennae 3, four strong arms, high
mp 1
a: Dig, Shaft Self, Renounce Religion, Heroism, Finesse, Duel


You were on level 1 of the Spider Nest.
You worshipped Okawaru.
Okawaru was exalted by your worship.
You visited 5 branches of the dungeon, and saw 26 of its levels.
You also visited: Gauntlet and Ice Cave.

You collected 2504 gold pieces.

Inventory:

Hand Weapons
 r - a +3 dire flail of holy wrath
 M - a +4 vorpal great sword
 P - the +5 triple sword of Moral Flaws (weapon) {venom, rPois rF+ Int+2}
   (You took it off a minotaur in a Gauntlet)

   It poisons the flesh of those it strikes.
   Int:       It affects your intelligence (+2).
   rF:        It protects you from fire.
   rPois:     It protects you from poison.
Missiles
 u - 5 throwing nets
Armour
 k - a scarf of repulsion (worn)
 n - a +1 pair of boots
 A - a +1 pair of gloves (worn)
 C - a +0 kite shield of reflection (worn)
 L - the +2 pair of boots of the Present (worn) {-Cast Fly rC+ rN+++}
   (You found it in a Gauntlet)

   rC:        It protects you from cold.
   rN:        It renders you almost immune to negative energy.
   Fly:       It grants you flight.
   -Cast:     It prevents spellcasting.
 T - a +2 plate armour of fire resistance (worn)
Jewellery
 i - the ring of Adarch (left hand) {rF+ rCorr Int-2 Dex+2}
   (You found it on level 8 of the Dungeon)

   [ring of resist corrosion]

   Int:       It affects your intelligence (-2).
   Dex:       It affects your dexterity (+2).
   rF:        It protects you from fire.
   rCorr:     It protects you from acid and corrosion.
 l - an amulet of guardian spirit (around neck)
 m - a +6 ring of dexterity
 p - a +4 ring of slaying
 w - an amulet of reflection
 N - the ring "Geisolie" (right hand) {Drain rF+ Str+5}
   (You found it in a Gauntlet)

   [ring of protection from fire]

   Str:       It affects your strength (+5).
   rF:        It protects you from fire.
   Drain:     It drains your maximum health when unequipped.
Wands
 b - a wand of acid (7)
 c - a wand of paralysis (30)
 q - a wand of iceblast (33)
 E - a wand of mindburst (6)
 H - a wand of digging (11)
 I - a wand of flame (20)
Scrolls
 g - 4 scrolls of fog
 j - a scroll of vulnerability
 o - 4 scrolls of fear
 s - 6 scrolls of silence
 y - 6 scrolls of immolation
 J - 2 scrolls of brand weapon
 K - a scroll of enchant armour
 O - 6 scrolls of identify
 Q - 3 scrolls of amnesia
 R - 4 scrolls of magic mapping
Potions
 a - a potion of ambrosia
 d - 5 potions of mutation
 e - 4 potions of attraction
 f - a potion of curing
 h - a potion of cancellation
 v - 6 potions of flight
 x - 2 potions of might
 z - 4 potions of brilliance
 F - a potion of invisibility
 G - 5 potions of lignification
 S - a potion of resistance


   Skills:
 - Level 18.0 Fighting
 + Level 13.3 Long Blades
 - Level 14.5 Maces & Flails
 - Level 14.0 Armour
 - Level 8.0 Dodging
 - Level 11.0 Shields
 - Level 5.0 Invocations


You had 16 spell levels left.
You didn't know any spells.
Your spell library contained the following spells:

 Spells                   Type           Power      Damage    Failure   Level
 Sandblast                Erth           0%         2d4       94%         1
 Corpse Rot               Necr/Air       0%         N/A       98%         2
 Passwall                 Tmut/Erth      0%         N/A       98%         2
 Poisonous Vapours        Pois/Air       0%         N/A       98%         2
 Ozocubu's Armour         Ice            0%         N/A       100%        3
 Stone Arrow              Conj/Erth      0%         3d7       100%        3
 Fulminant Prism          Conj/Hex       0%         3d6       100%        4
 Iskenderun's Mystic Bla  Conj/Tloc      0%         2d3       100%        4
 Passage of Golubria      Tloc           0%         N/A       100%        4
 Petrify                  Tmut/Erth      0%         N/A       100%        4
 Iskenderun's Battlesphe  Conj           0%         2d6       100%        5
 Lee's Rapid Deconstruct  Erth           0%         3d5*      100%        5
 Metabolic Englaciation   Hex/Ice        0%         N/A       100%        5
 Yara's Violent Unravell  Hex/Tmut       0%         3d3       100%        5
 Iron Shot                Conj/Erth      0%         9d1       100%        6
 Statue Form              Tmut/Erth      0%         N/A       100%        6
 Borgnjor's Revivificati  Necr           0%         N/A       100%        8
 Necromutation            Tmut/Necr      0%         N/A       100%        8
 Death's Door             Necr           0%         N/A       100%        9
 Swiftness                Air            Unusable   N/A       N/A         3
 Tukima's Dance           Hex            Unusable   N/A       N/A         3
 Simulacrum               Ice/Necr       Unusable   N/A       N/A         6
 Spellforged Servitor     Conj/Summ      Unusable   N/A       N/A         7

Dungeon Overview and Level Annotations

Branches:
Dungeon (15/15)            Temple (1/1) D:4            Lair (6/6) D:10
  Swamp (0/4) Lair:3       Spider (2/4) Lair:2        Slime (0/5) Lair:5
    Orc (2/2) D:12            Elf (0/3) Orc:2        Vaults (0/5) D:13
 Depths (0/4) D:15          IceCv (visited)         Gauntlet (visited)

Altars:
Ashenzari
Cheibriados
Dithmenos
Elyvilon
Fedhas
Gozag
Hepliaklqana
Kikubaaqudgha
Makhleb
Nemelex Xobeh
Okawaru
Qazlal
Ru
Sif Muna
Trog
Uskayaw
Vehumet
Wu Jian
Xom
Yredelemnul
Zin
The Shining One
Jiyva

Shops:
D:1 *   D:7 (   Orc:1 (   Orc:2 ([:=

Portals:
Hell: Lair:6

Annotations:
D:13 3 runed translucent doors, exclusion: 3 doors, ytrimaz's ghost, journeyman FoFi
D:14 2 transporters, Ylorinke's ghost, journeyman PaBe
Spider:1 Frances


Innate Abilities, Weirdness & Mutations

You cannot be hasted, slowed, berserked, paralysed or teleported.
You can dig through walls and to a lower floor.
You have a pair of large antennae on your head. (SInv)
Your four strong arms can wield two-handed weapons with a shield.
You have an increased reservoir of magic. (+10% MP)


Message History

The tarantella is heavily wounded.
The tarantella barely misses you. The tarantella closely misses you.
You slice the tarantella!!
You kill the tarantella!
Okawaru accepts your kill.
The sixfirhy hits you but does no damage.
The sixfirhy hits you.
* * * LOW HITPOINT WARNING * * *
The sixfirhy shocks you!
* * * LOW HITPOINT WARNING * * *
You block the sixfirhy's attack.
The sixfirhy hits you but does no damage.
The sixfirhy barely misses you.
There is a stone staircase leading down here.
You fly downwards.
The wolf spider hisses angrily.
The hornet buzzes angrily.
You hear an angry hiss.
Found a potion of heal wounds, 16 gold pieces and a scroll of teleportation.
There is a stone staircase leading up here.
Unknown command.
A tarantella comes into view.
A jumping spider comes into view.
The hornet stings you but does no damage.
The jumping spider pounces on you!
* * * LOW HITPOINT WARNING * * *
The jumping spider barely misses you.
The wolf spider hisses angrily.
You hear an angry hiss.
You fly upwards.
Level annotation: Frances The sixfirhy hits you but does no damage. x2
You block the sixfirhy's attack. The sixfirhy closely misses you.
There is a stone staircase leading down here.
As you read the scroll of holy word, it crumbles to dust.
You speak a Word of immense power!
The sixfirhy convulses!
The ice devil convulses!
The hellwing convulses!
You block the sixfirhy's attack.
The sixfirhy hits you but does no damage.
The hornet closely misses you. You block the sixfirhy's attack.
The jumping spider pounces on you.
You die...

#......{...# ###.
###..#.#{..### ##.#. ..
#....#####...# ####....
..#.##.......#4.####..#....
.....##......@#####.....##.
....#........# #.#......#.
#..##.#..4#####....######
#...#####....#...###...#.
###....3@y...#....#......
#...†....s.###...####....
##..†#..............#(...
#....##.#.#....[....#..##
#..#†.#####....#.......##
####..# #.#.##.#.#..##.
..## ###########.... ..#
#.....). ... ##......


You could see Frances (fast), a hellwing (summoned, dazed), an ice devil
(summoned, dazed), a sixfirhy (summoned, dazed), a hornet and a jumping spider.

Vanquished Creatures
  Donald (Spider:1)
  Roxanne (D:15)
  Louise (Spider:1)
  A juggernaut zombie (D:15)
  A reaper (Gauntlet)
  Nessos (Lair:6)
  2 minotaurs
  An entropy weaver (Spider:1)
  A dire elephant (Lair:6)
  A fire dragon (D:15)
  A yaktaur captain (D:13)
  Josephine (D:9)
  Harold (Orc:1)
  An ice dragon (D:14)
  Erolcha (D:10)
  A rakshasa (D:15)
  A hell beast (Lair:6)
  7 hydras
  5 ogre magi
  5 centaur warriors
  A death knight (D:13)
  5 boulder beetles
  A catoblepas (Lair:5)
  16 death yaks
  16 two-headed ogres
  A vampire mage (D:15)
  A hell hog (Gauntlet)
  2 tengu warriors (D:13)
  2 skeletal warriors
  2 orc knights
  A lindwurm (shapeshifter) (D:15)
  A wizard (Lair:6)
  A deep elf pyromancer (D:8)
  A necromancer (D:15)
  10 ugly things
  5 cyclopes
  A shining eye (Gauntlet)
  7 wolf spiders
  A manticore (D:12)
  An orb spider (Spider:1)
  Maurice (Orc:2)
  3 black mambas
  2 fire giant skeletons (D:15)
  8 elephants
  A smoke demon (Lair:6)
  2 gargoyles
  2 torpor snails
  11 cane toads
  14 rime drakes
  An orange demon (Lair:6)
  2 kobold demonologists (D:14)
  3 freezing wraiths
  11 komodo dragons
  2 ice devils
  The ghost of cheechan the Gusty, a novice OpAE (D:4)
  2 demonic crawlers (Spider:1)
  An entropy weaver simulacrum (IceCv)
  2 yaktaurs (D:13)
  A hellwing (Gauntlet)
  3 red devils (Lair:6)
  2 tengu conjurers (D:13)
  A guardian mummy (D:15)
  9 jumping spiders (Spider:1)
  3 trolls
  4 polar bears
  A wolf spider simulacrum (D:14)
  2 tyrant leeches
  3 hornets
  A wind drake (shapeshifter) (D:15)
  A hornet (shapeshifter) (D:15)
  Grinder (D:3)
  An ettin zombie (D:15)
  A blink frog (shapeshifter) (D:14)
  19 blink frogs
  34 slime creatures
  6 dream sheep
  7 tarantellas (Spider:1)
  28 redbacks (Spider:1)
  4 shadows
  3 fire bats (Gauntlet)
  2 vampires
  A yak (shapeshifter) (D:13)
  4 wyverns
  83 yaks
  6 basilisks
  4 wraiths
  2 golden eyes (Gauntlet)
  A death yak simulacrum (IceCv)
  Grum (Lair:1)
  6 vampire mosquitoes
  Edmund (D:4)
  4 steam dragons
  Menkaure (D:4)
  5 wargs
  15 water moccasins
  6 hell hounds
  An acid dragon (D:12)
  14 orc warriors
  A black bear (Lair:3)
  2 necrophages (D:8)
  33 ogres
  An ice beast (D:7)
  21 wolves
  16 centaurs
  A phantom (D:5)
  3 kobold brigands
  17 bullfrogs
  A cane toad simulacrum (IceCv)
  4 gnoll sergeants
  6 scorpions
  11 killer bees
  8 wights
  2 howler monkeys
  7 hounds
  15 orc priests
  3 jellies
  3 centaur zombies
  3 iguanas
  Ijyb (D:4)
  26 orc wizards
  7 hell rats (Lair:6)
  A wolf simulacrum (IceCv)
  2 killer bee zombies
  2 hound zombies
  2 howler monkey zombies
  6 adders
  20 gnolls
  4 white imps
  4 worms
  3 dart slugs
  83 orcs
  8 ball pythons
  9 endoplasms
  4 giant cockroaches
  9 goblins
  8 hobgoblins
  4 quokkas
  A bat (D:2)
  5 frilled lizards
  17 kobolds
  7 rats
863 creatures vanquished.

Vanquished Creatures (others)
  An orc (D:12)
  A kobold (D:4)
  A bush (Lair:5)
  50 fungi
  47 plants
  4 withered plants (D:15)
104 creatures vanquished.

Grand Total: 967 creatures vanquished

Notes
Turn   | Place    | Note
-------+----------+-------------------------------------------
     0 | D:1      | blank1 the Formicid Fighter began the quest for the Orb.
     0 | D:1      | Reached XP level 1. HP: 18/18 MP: 1/1
   266 | D:1      | Reached XP level 2. HP: 22/24 MP: 2/2
   305 | D:1      | Found a faded altar of an unknown god.
   589 | D:1      | Reached XP level 3. HP: 27/29 MP: 3/3
   808 | D:1      | Found Qeellarch's General Store.
  1177 | D:2      | Reached skill level 1 in Dodging
  1407 | D:2      | Reached XP level 4. HP: 32/37 MP: 4/4
  2024 | D:3      | Found a shimmering blue altar of Sif Muna.
  2026 | D:3      | Found a blossoming altar of Fedhas.
  2028 | D:3      | Found a radiant altar of Vehumet.
  2180 | D:3      | Noticed Grinder
  2202 | D:3      | Killed Grinder
  2203 | D:3      | Reached skill level 4 in Fighting
  2203 | D:3      | Reached XP level 5. HP: 30/43 MP: 5/5
  2203 | D:3      | Reached XP level 6. HP: 35/49 MP: 6/6
  2553 | D:3      | Found a shadowy altar of Dithmenos.
  2763 | D:3      | Reached skill level 5 in Fighting
  2763 | D:3      | Reached XP level 7. HP: 44/56 MP: 7/7
  2983 | D:3      | Reached skill level 5 in Long Blades
  3396 | D:4      | Found a white marble altar of Elyvilon.
  3515 | D:4      | Found a runed translucent gate.
  3515 | D:4      | Found a runed translucent gate.
  3515 | D:4      | Found a runed translucent gate.
  3518 | D:4      | Noticed cheechan's ghost (novice OpAE)
  3781 | D:4      | Noticed Ijyb
  3783 | D:4      | Noticed Menkaure
  3789 | D:4      | Killed Ijyb
  3794 | D:4      | Killed Menkaure
  3795 | D:4      | Reached skill level 6 in Fighting
  3962 | D:4      | Found a staircase to the Ecumenical Temple.
  4032 | Temple   | Entered the Ecumenical Temple
  4444 | D:4      | Noticed Edmund
  4460 | D:4      | Killed Edmund
  4461 | D:4      | Reached XP level 8. HP: 11/64 MP: 8/8
  4919 | D:5      | Entered Level 5 of the Dungeon
  4929 | D:5      | Reached skill level 1 in Maces & Flails
  5017 | D:5      | Reached skill level 5 in Armour
  5893 | D:5      | Reached skill level 5 in Maces & Flails
  5987 | D:6      | Reached XP level 9. HP: 44/69 MP: 9/9
  6639 | D:6      | Reached skill level 7 in Fighting
  7214 | D:6      | Reached skill level 8 in Fighting
  7397 | D:6      | Found a hide-covered altar of Uskayaw.
  7550 | D:7      | Found Eziar's Weapon Shop.
  7875 | D:7      | Found an iron altar of Okawaru.
  7885 | D:7      | Became a worshipper of Warmaster Okawaru
  7888 | D:7      | Reached skill level 9 in Fighting
  7980 | D:7      | Reached skill level 1 in Invocations
  8284 | D:7      | Found a broken altar of Ashenzari.
  8323 | D:7      | Reached XP level 10. HP: 48/83 MP: 10/12
  8523 | D:7      | Reached * piety under Okawaru
  8898 | D:8      | Reached skill level 10 in Fighting
  9072 | D:8      | Found a snail-covered altar of Cheibriados.
  9357 | D:8      | Identified the ring of Adarch {rF+ rCorr Int-2 Dex+2}
  9536 | D:8      | Reached ** piety under Okawaru
  9551 | D:8      | Reached skill level 11 in Fighting
  9988 | D:8      | Noticed a deep elf pyromancer
 10001 | D:8      | Killed a deep elf pyromancer
 10001 | D:8      | Reached *** piety under Okawaru
 10680 | D:8      | Found a sacrificial altar of Ru.
 10717 | D:8      | Reached XP level 11. HP: 60/93 MP: 9/13
 10985 | D:9      | Identified the +0 robe of the Solstice {Drain rPois Int-2
                  | Dex+9}
 11387 | D:9      | Reached skill level 5 in Shields
 11500 | D:9      | Noticed a centaur warrior
 11507 | D:9      | Killed a centaur warrior
 11507 | D:9      | Reached **** piety under Okawaru
 11508 | D:9      | Reached skill level 5 in Dodging
 11872 | D:9      | Found a burning altar of Makhleb.
 12333 | D:10     | Entered Level 10 of the Dungeon
 12350 | D:10     | Noticed Josephine
 12387 | D:9      | Killed Josephine
 12632 | D:10     | Reached ***** piety under Okawaru
 12752 | D:10     | Noticed a two-headed ogre
 12788 | D:10     | Killed a two-headed ogre
 12788 | D:10     | Received a gift from Okawaru
 12794 | D:10     | Reached skill level 12 in Fighting
 12952 | D:10     | Found a bloodstained altar of Trog.
 13112 | D:10     | Found a stormy altar of Qazlal.
 13116 | D:10     | Found a staircase to the Lair.
 13222 | D:10     | Noticed Erolcha
 13236 | D:10     | Killed Erolcha
 13237 | D:10     | Reached XP level 12. HP: 76/102 MP: 11/14
 13691 | Lair:1   | Entered Level 1 of the Lair of Beasts
 14272 | Lair:1   | Reached skill level 10 in Maces & Flails
 14279 | Lair:1   | Reached skill level 13 in Fighting
 14397 | Lair:1   | Noticed a seven-headed hydra
 14402 | Lair:1   | Killed a seven-headed hydra
 14803 | Lair:1   | Noticed Grum
 14833 | Lair:1   | Killed Grum
 16312 | Lair:2   | Found a hole to the Spider Nest.
 16362 | Lair:2   | Identified the +5 war axe "Zoagiarr" {vorpal, Str-4 Int+2
                  | SInv}
 16794 | Lair:3   | Noticed a death yak
 16826 | Lair:3   | Killed a death yak
 16826 | Lair:3   | Received a gift from Okawaru
 16827 | Lair:3   | Reached XP level 13. HP: 106/111 MP: 14/16
 16846 | Lair:3   | Noticed a boulder beetle
 16879 | Lair:2   | Killed a boulder beetle
 17496 | Lair:3   | Found a staircase to the Swamp.
 17516 | Lair:3   | HP: 1/111 [tyrant leech (13)]
 18276 | Lair:3   | Noticed a six-headed hydra
 18289 | Lair:3   | Killed a six-headed hydra
 18745 | Lair:3   | Reached skill level 10 in Armour
 19261 | Lair:3   | Identified the +1 leather armour of Relativism {Str+5}
 20361 | Lair:4   | Reached skill level 10 in Shields
 21006 | Lair:5   | Found a hide-covered altar of Uskayaw.
 21293 | Lair:5   | Reached XP level 14. HP: 98/118 MP: 15/17
 21309 | Lair:5   | Found a runed translucent door.
 21309 | Lair:5   | Found a viscous altar of Jiyva.
 21309 | Lair:5   | Found a staircase to the Slime Pits.
 21594 | Lair:5   | Received a gift from Okawaru
 22077 | Lair:5   | Reached skill level 14 in Fighting
 22081 | Lair:5   | Reached ****** piety under Okawaru
 22773 | Lair:6   | Entered Level 6 of the Lair of Beasts
 23560 | Lair:6   | Identified the +2 robe of Catatonia {+Blink rF+ Will+}
                  | (Okawaru gifted it to you on level 6 of the Lair of Beasts)
 23560 | Lair:6   | Received a gift from Okawaru
 23564 | Lair:6   | Reached skill level 15 in Fighting
 23825 | Lair:6   | Noticed Nessos
 23859 | Lair:6   | Found a shimmering altar of Xom.
 23883 | Lair:6   | Killed Nessos
 24552 | Lair:6   | Reached XP level 15. HP: 111/129 MP: 16/18
 25982 | Lair:6   | Reached skill level 16 in Fighting
 26183 | Lair:6   | Found a burning altar of Makhleb.
 26400 | Lair:6   | Found a gateway to Hell.
 26696 | D:11     | Found a gate leading to a gauntlet.
 26702 | Gauntlet | Entered a Gauntlet
 26702 | Gauntlet | Found a transporter.
 26711 | Gauntlet | Found a transporter.
 26714 | Gauntlet | Found a transporter.
 26715 | Gauntlet | Found a transporter.
 26724 | Gauntlet | Found a transporter.
 26726 | Gauntlet | Found a transporter.
 26727 | Gauntlet | Found a transporter.
 26734 | Gauntlet | Found a runed translucent gate.
 26734 | Gauntlet | Found a runed translucent gate.
 26736 | Gauntlet | Found a transporter.
 26739 | Gauntlet | Found a transporter.
 26740 | Gauntlet | Found a transporter.
 26748 | Gauntlet | Found a runed translucent gate.
 26751 | Gauntlet | Found a transporter.
 26752 | Gauntlet | Found a transporter.
 26758 | Gauntlet | Noticed a reaper
 26760 | Gauntlet | Found a transporter.
 26784 | Gauntlet | Found a transporter.
 26845 | Gauntlet | Gained mutation: You have an increased reservoir of magic.
                  | (+10% MP) [a shining eye]
 26939 | Gauntlet | Identified the +2 pair of boots of the Present {-Cast Fly
                  | rC+ rN+++}
 26972 | Gauntlet | Received a gift from Okawaru
 27275 | Gauntlet | Killed a reaper
 27290 | Gauntlet | Identified the ring "Geisolie" {Drain rF+ Str+5}
 27424 | Gauntlet | Identified the +5 triple sword of Moral Flaws {venom, rPois
                  | rF+ Int+2}
 27424 | Gauntlet | Identified the ring of Linearity {Fire Int+5 Slay-3}
 27748 | D:11     | Upgraded the game from 0.28-a0-973-ga7f8b01127 to
                  | 0.28-a0-983-g1de4e0787c
 28578 | D:12     | Found a staircase to the Orcish Mines.
 28627 | D:12     | Found a frozen archway.
 28655 | IceCv    | Entered an ice cave
 28958 | IceCv    | Found a transporter.
 28969 | IceCv    | Found a transporter.
 30534 | D:13     | Reached skill level 10 in Long Blades
 30557 | D:13     | Reached XP level 16. HP: 81/138 MP: 16/21
 30898 | D:13     | Found a runed translucent gate.
 30898 | D:13     | Found a runed translucent gate.
 30898 | D:13     | Found a runed translucent gate.
 30898 | D:13     | Noticed ytrimaz's ghost (journeyman FoFi)
 30926 | D:13     | Reached skill level 5 in Invocations
 31725 | D:13     | Found a gate to the Vaults.
 31751 | D:13     | Found a runed translucent door.
 32630 | D:4      | Killed cheechan's ghost
 33073 | D:13     | Received a gift from Okawaru
 33437 | D:14     | Noticed Ylorinke's ghost (journeyman PaBe)
 33437 | D:14     | Identified the +0 giant spiked club "Malida" {freeze,
                  | Str+3}
 33437 | D:14     | Noticed a frost giant
 33438 | D:14     | Found a transporter.
 33462 | D:14     | Found a transporter.
 34661 | D:14     | Found the +4 skin of Zhor {*Englaciate rC+++ SInv}
 35098 | D:15     | Entered Level 15 of the Dungeon
 35470 | D:15     | Noticed Roxanne
 35483 | D:15     | Killed Roxanne
 35881 | D:15     | Received a gift from Okawaru
 36536 | D:15     | Found a staircase to the Depths.
 36795 | D:15     | Reached XP level 17. HP: 141/146 MP: 20/22
 37225 | Orc:1    | Entered Level 1 of the Orcish Mines
 37627 | Orc:1    | Found Talul's Firing Range.
 37743 | Orc:1    | Noticed Harold
 37765 | Orc:1    | Killed Harold
 38209 | Orc:2    | Entered Level 2 of the Orcish Mines
 38590 | Orc:2    | Noticed Maurice
 38607 | Orc:2    | Killed Maurice
 38608 | Orc:2    | Reached skill level 17 in Fighting
 38631 | Orc:2    | Found a staircase to the Elven Halls.
 39225 | Orc:2    | Identified the +0 pair of boots of Watchfulness {rC+ rCorr
                  | Int+4} (Okawaru gifted it to you on level 2 of the Orcish
                  | Mines)
 39225 | Orc:2    | Received a gift from Okawaru
 39548 | Orc:2    | Found Hoostuz's Book Shop.
 39549 | Orc:2    | Found Toutar's Weapon Emporium.
 39604 | Orc:2    | Found Uxtokhlo's Antique Armour Shop.
 39604 | Orc:2    | Found Ipigil's Jewellery Shoppe.
 39852 | Spider:1 | Entered Level 1 of the Spider Nest
 39942 | Spider:1 | Identified the +6 hunting sling of the Dungeon {flame,
                  | Int+5}
 40068 | Spider:1 | Reached skill level 18 in Fighting
 40407 | Spider:1 | Noticed Donald
 40423 | Spider:1 | Killed Donald
 40874 | Spider:1 | Noticed Louise
 40906 | Spider:1 | Killed Louise
 41310 | Spider:1 | Noticed Frances
 41315 | Spider:1 | HP: 7/149 [tarantella (5)]
 41325 | Spider:1 | HP: 6/149 [sixfirhy[Frances] (6)]
 41331 | Spider:2 | HP: 2/149 [jumping spider (6)]
 41333 | Spider:1 | Slain by a jumping spider

Illustrated notes

Levels and vault maps discovered:
D:1:      sevenhm_arrival_forest_fort_small_4, layout_loops_ring,
          dreamdust_ecumenical_altar_grove, serial_shops, nicolae_lakefront_shop
D:2:      layout_loops_corners, wad_floor_pattern_1, kennysheep_minor_cross
D:3:      layout_loops_ring, lemuel_doored_altar, grunt_temple_overflow_open,
          uniq_grinder
D:4:      minmay_chambers_of_twos, layout_cave_pools, elyvilon_altar_1,
          minmay_temple_entry_statues_pillars, gammafunk_ghost_nasty_kobolds,
          uniq_ijyb, uniq_edmund, uniq_menkaure
D:5:      layout_rooms
D:6:      layout_gridville, nicolae_uskayaw_dance_hall, dk_vineyard_2
D:7:      layout_rooms, cheibrodos_ashenzari_chains, lemuel_crystal_altar,
          serial_shops, nicolae_stop_n_shop_1
D:8:      minmay_the_grid_octo_tiled_squarecenter [minmay_the_grid_octo_chip,
          minmay_the_grid_octo_odd_swirl, minmay_the_grid_octo_concentric,
          minmay_the_grid_octo_checkered,
          minmay_the_grid_square_5x5_megaprize_hollow,
          minmay_the_grid_square_5x5_trominoes,
          minmay_the_grid_square_5x5_bridge, minmay_the_grid_square_5x5_meh,
          minmay_the_grid_square_5x5_sharp_hourglass], layout_basic,
          cheibrodos_worm_habitat, nicolae_overflow_hidden_temple
D:9:      layout_roguey, bloody_makhleb, serial_corexii_hall,
          chequers_hall_statues_wall_a, corexii_hall_statues_i, kennysheep_nub,
          minmay_chambers_of_fives
D:10:     layout_cave_pods, nicolae_qazlal_scattered_showers,
          mainiacjoe_overflow_catwalk, lair_entry_dummy, uniq_erolcha,
          uniq_josephine
D:11:     layout_loops_ring, gauntlet_entry_generic
D:12:     layout_roguey, hiddenorc2_lemuel, portal_ice_cave_entry_pillars_2
D:13:     dreamdust_labyrinth, layout_basic, david_vaults_2,
          gammafunk_ghost_spectres
D:14:     layout_long_grid, grunt_decor_arrowhead, gammafunk_ghost_smash,
          corexii_checkpoint_b, hellmonk_guarded_unrand_zhor
D:15:     gammafunk_depths_entry_grave, layout_irregular_city,
          minmay_misc_feat_tower, uniq_roxanne
Temple:   jpeg_temple_island
Lair:1:   layout_loops_ring, grunt_megastairs_1, lemuel_fruit_tree, uniq_grum
Lair:2:   beast_lair_carwin_large_3, layout_gridlike,
          spider_nest_entry_web_field
Lair:3:   layout_roguey, minmay_swamp_entry_worms, beast_lair_carwin_9
Lair:4:   layout_roguey, beast_lair_carwin_2, lemuel_fruit_fields,
          serial_bayou_shore_b
Lair:5:   layout_roguey, slime_altar_2, basic_altar, cheibrodos_lair_lostbears,
          grunt_megastairs_5
Lair:6:   evil_forest, layout_layer_cave, basic_altar, uniq_nessos
Spider:1: layout_spider_delve, uniq_donald, uniq_louise, uniq_frances
Spider:2: layout_chambers, uniq_arachne
Orc:1:    nicolae_orc_accident_3, layout_caves, nicolae_shop_firing_range,
          uniq_harold
Orc:2:    st_orc_ogre_mass, layout_caves, uniq_maurice

Skill      XL: |  1  2  3  4  5  6  7  8  9 10 11 12 13 14 15 16 17 |
---------------+----------------------------------------------------+-----
Shields        | 4 6 8 10 11 | 11.0
Dodging        | 1 2 3 4 5 8 |  8.0
Fighting       | 4 5 6 9 11 12 13 15 16 18 | 18.0
Long Blades    | 4 6 10 12 13 | 13.3
Armour         | 4 5 6 8 10 11 12 14 | 14.0
Maces & Flails | 5 6 8 9 12 14 | 14.5
Invocations    | 2 3 4 5 |  5.0

Action                   |  1- 3 |  4- 6 |  7- 9 | 10-12 | 13-15 | 16-18 || total
-------------------------+-------+-------+-------+-------+-------+-------++-------
Melee: Long sword        |   111 |    89 |   131 |       |       |       ||   331
       Dire flail        |       |       |   246 |   592 |  1014 |    10 ||  1862
       Triple sword      |       |       |       |       |   210 |   839 ||  1049
       Great sword       |       |       |       |       |    62 |       ||    62
Invok: Heroism           |       |       |       |     2 |     7 |     3 ||    12
       Finesse           |       |       |       |       |     1 |       ||     1
 Abil: Dig               |       |     1 |     3 |     8 |    10 |     7 ||    29
Evoke: Wand              |       |       |       |       |     1 |       ||     1
  Use: Scroll            |     2 |     1 |     1 |    16 |     8 |     2 ||    30
       Potion            |       |     1 |       |       |     7 |     3 ||    11
 Stab: Paralysed         |       |       |       |       |     4 |       ||     4
Armor: Scale mail        |    44 |    23 |   113 |    23 |       |       ||   203
       Plate armour      |       |       |       |   206 |   447 |   449 ||  1102
Dodge: Dodged            |    52 |    40 |   175 |   135 |   389 |   442 ||  1233
       Repelled          |       |       |       |       |     5 |     3 ||     8
Block: Buckler           |    25 |    19 |    97 |     4 |       |       ||   145
       Kite shield       |       |       |       |   260 |   626 |   682 ||  1568

Table legend: (Time is in decaauts)
 A = Elapsed time spent in this place.
 B = Non-inter-level travel time spent in this place.
 C = Inter-level travel time spent in this place.
 D = Time resting spent in this place.
 E = Time spent auto-exploring this place.
 F = Levels seen in this place.
 G = Mean time per level.
                   A        B        C        D        E       F      G
               +--------+--------+--------+--------+--------+-----+--------+
         Total |  41443 |  39725 |   1718 |  11007 |  19408 |  28 | 1480.1 |
       Dungeon |  23358 |  22053 |   1305 |   5800 |  11506 |  15 | 1557.2 |
        Temple |    264 |    249 |     15 |      0 |    235 |   1 |  264.0 |
          Lair |  13006 |  12650 |    356 |   3493 |   6130 |   6 | 2167.7 |
   Spider Nest |   1137 |   1137 |      0 |    205 |    439 |   2 |  568.5 |
  Orcish Mines |   2286 |   2246 |     40 |    574 |    981 |   2 | 1143.0 |
      Ice Cave |    333 |    333 |      0 |    281 |      0 |   1 |  333.0 |
      Gauntlet |   1057 |   1057 |      0 |    654 |    116 |   1 | 1057.0 |
               +--------+--------+--------+--------+--------+-----+--------+

Top non-repeatable levels by time:
  Lair:6: 2606 daAuts
     D:8: 2587 daAuts
    D:12: 2503 daAuts
  Lair:3: 2430 daAuts
  Lair:5: 2421 daAuts
  Lair:2: 2407 daAuts
    D:14: 2238 daAuts
    D:13: 1816 daAuts
    D:15: 1748 daAuts
     D:6: 1650 daAuts
     D:4: 1603 daAuts
  Lair:4: 1576 daAuts
  Lair:1: 1564 daAuts
     D:9: 1449 daAuts
   Orc:1: 1349 daAuts
